AoeStats
← 用爱感化队友

Black Forest

510500065Analyzed
4v4 RM · 14h ago on Oct 1, 2026· 44m 41s· 8 players
Game mode
Random Map
Map size
Large (8 player)
Population
200
Speed
Normal
Resources
Standard
Victory
Conquest
Starting age
Dark Age
Ending age
Imperial Age
RankedLock teamsTeams togetherTeam positionsShared explorationLock speedFull tech treeHidden civsTurbo modeCheats
Victory
Defeat
🇻🇳 Britons · Vietnam
1267
+16
🇨🇳 Britons · China
1246
+17
🇮🇳 Magyars · India
1230
+18
🇨🇳 Celts · China
1182
+20
🇸🇬 Britons · Singapore
1370
-22
🇨🇳 Teutons · China
1342
-21
🇪🇸 Britons · Spain
1179
-14
🇨🇳 Poles · China
1173
-14
帝国F.海峰
0:37 Loom
11:39 Feudal Age
12:30 Double-Bit Axe
15:29 Castle Age
13:17 Horse Collar
16:48 Bow Saw
17:19 Wheelbarrow
18:47 Stone Mining
22:24 Hand Cart
22:47 Gold Mining
25:02 Gold Shaft Mining
28:49 Imperial Age
26:51 Fletching
27:01 Padded Archer Armor
27:58 Yeomen
28:16 Bodkin Arrow
28:36 Leather Archer Armor
29:02 Heavy Plow
29:33 Bracer
30:54 Chemistry
30:20 Conscription
30:51 Ring Archer Armor
30:45 Ballistics
30:54 Masonry
30:55 Fortified Wall
32:24 Ring Archer Armor
31:36 Elite Longbowman
32:59 Pikeman
33:39 Squires
33:43 Scale Mail Armor
33:54 Forging
34:37 Hoardings
33:57 Halberdier
34:59 Chain Mail Armor
35:51 Siege Engineers
36:48 Plate Mail Armor
36:53 Iron Casting
37:56 Warwolf
41:19 Caravan
41:49 Coinage
43:46 Banking
percy5655
10:26 Feudal Age
10:58 Double-Bit Axe
12:52 Loom
16:04 Castle Age
14:08 Horse Collar
14:33 Gold Mining
16:51 Wheelbarrow
17:20 Bow Saw
18:05 Heavy Plow
23:22 Hand Cart
23:22 Stone Mining
26:45 Gold Shaft Mining
30:45 Imperial Age
28:42 Scale Mail Armor
28:52 Forging
29:36 Stone Shaft Mining
29:58 Chain Mail Armor
29:33 Fletching
29:57 Guard Tower
29:50 Pikeman
30:16 Gambesons
31:08 Iron Casting
31:44 Siege Engineers
32:19 Plate Mail Armor
31:14 Halberdier
32:50 Town Watch
32:37 Onager
34:39 Ballistics
34:32 Masonry
34:39 Capped Ram
36:05 Coinage
36:54 Blast Furnace
35:49 Bodkin Arrow
36:34 Keep
36:59 Chemistry
37:20 Furor Celtica
37:32 Siege Onager
39:12 Arrowslits
39:35 Stronghold
39:47 Capped Ram
41:28 Siege Ram
42:51 Caravan
44:11 Chemistry
NUR
10:17 Feudal Age
13:51 Castle Age
11:44 Double-Bit Axe
12:40 Horse Collar
13:45 Wheelbarrow
14:46 Bow Saw
14:43 Heavy Plow
22:29 Hand Cart
23:26 Loom
32:43 Imperial Age
31:03 Bloodlines
30:53 Husbandry
31:09 Scale Barding Armor
31:30 Loom
31:30 Town Watch
31:20 Light Cavalry
32:21 Chain Barding Armor
32:03 Gold Mining
32:03 Stone Mining
32:41 Fletching
33:39 Ballistics
33:00 Treadmill Crane
33:30 Masonry
32:46 Cavalier
34:14 Plate Barding Armor
33:35 Bodkin Arrow
34:46 Conscription
34:45 Paladin
35:26 Hussar
38:19 Coinage
37:51 Bracer
38:54 Two-Man Saw
38:27 Crop Rotation
40:20 Gold Shaft Mining
40:46 Banking
42:41 Capped Ram
mryendl2410
1:00 Loom
12:04 Feudal Age
16:06 Castle Age
14:59 Fletching
14:59 Double-Bit Axe
15:20 Horse Collar
16:39 Fletching
18:13 Bodkin Arrow
19:23 Crossbowman
20:04 Padded Archer Armor
21:22 Bow Saw
23:38 Ballistics
24:38 Wheelbarrow
30:22 Leather Archer Armor
31:18 Gold Mining
33:42 Gold Shaft Mining
37:08 Imperial Age
35:06 Town Watch
35:24 Heavy Plow
35:54 Squires
38:07 Bracer
39:30 Ring Archer Armor
40:26 Chemistry
39:57 Arbalester
43:15 Two-Man Saw
42:32 Hand Cart
43:16 Town Patrol
43:18 Capped Ram
KePaSaMiaRMa!!
10:29 Feudal Age
11:15 Double-Bit Axe
11:13 Horse Collar
15:20 Gold Mining
18:23 Castle Age
19:12 Caravan
30:24 Heavy Plow
31:26 Wheelbarrow
31:47 Loom
34:47 Imperial Age
32:53 Ballistics
32:26 Fletching
32:36 Padded Archer Armor
32:53 Bow Saw
33:31 Bodkin Arrow
34:35 Hand Cart
35:05 Gold Shaft Mining
34:21 Stone Mining
35:36 Yeomen
35:03 Elite Longbowman
36:04 Conscription
36:55 Chemistry
36:02 Bracer
36:18 Leather Archer Armor
38:38 Capped Ram
40:21 Ring Archer Armor
39:55 Onager
8316699
0:48 Loom
12:09 Feudal Age
15:23 Double-Bit Axe
16:30 Fletching
16:40 Padded Archer Armor
16:42 Horse Collar
16:54 Gold Mining
19:27 Wheelbarrow
24:57 Castle Age
24:29 Wheelbarrow
24:54 Stone Mining
27:02 Crossbowman
29:50 Gold Shaft Mining
29:25 Bow Saw
30:47 Bow Saw
30:37 Heavy Plow
32:21 Bodkin Arrow
37:35 Imperial Age
35:39 Yeomen
37:10 Pikeman
39:04 Squires
40:43 Halberdier
用爱感化队友
10:48 Feudal Age
14:34 Castle Age
12:54 Double-Bit Axe
13:15 Horse Collar
15:40 Bow Saw
20:45 Scale Barding Armor
21:33 Forging
22:29 Wheelbarrow
21:40 Loom
23:33 Gold Mining
24:02 Bloodlines
25:17 Chain Barding Armor
27:44 Town Watch
28:40 Heavy Plow
29:56 Hand Cart
29:41 Stone Mining
36:20 Imperial Age
34:56 Iron Casting
34:03 Pikeman
34:43 Squires
34:28 Gambesons
34:29 Arson
37:39 Plate Barding Armor
38:05 Blast Furnace
36:32 Cavalier
37:48 Conscription
38:22 Coinage
39:02 Crop Rotation
38:58 Fortified Wall
41:13 Stone Shaft Mining
41:30 Fletching
41:40 Padded Archer Armor
41:33 Guard Tower
41:28 Arrowslits
42:31 Halberdier
43:35 Scale Mail Armor
43:32 Bodkin Arrow
43:52 Leather Archer Armor
43:58 Masonry
44:53 Chemistry
44:50 Chain Mail Armor
redwolfliu
2:54 Loom
11:50 Feudal Age
12:13 Horse Collar
13:14 Double-Bit Axe
17:40 Castle Age
16:18 Stone Mining
17:11 Wheelbarrow
18:37 Bow Saw
19:25 Heavy Plow
22:31 Gold Mining
24:22 Stone Shaft Mining
25:23 Hand Cart
28:10 Imperial Age
26:29 Fletching
27:13 Crossbowman
28:01 Thumb Ring
28:03 Squires
29:24 Conscription
29:09 Bodkin Arrow
30:13 Crop Rotation
31:31 Chemistry
30:47 Padded Archer Armor
30:27 Arbalester
31:43 Bracer
33:32 Leather Archer Armor
32:42 Elite Skirmisher
34:34 Ballistics
34:53 Scale Mail Armor
35:05 Forging
36:13 Chain Mail Armor
36:33 Siege Engineers
38:38 Scale Barding Armor
39:09 Iron Casting
39:43 Bombard Tower
39:34 Masonry
39:20 Murder Holes
41:41 Lechitic Legacy
41:43 Chain Barding Armor
42:19 Light Cavalry
43:11 Bloodlines
43:02 Husbandry
43:25 Winged Hussar
Connection lost

Rejoining the realm…

Still unreachable

The connection could not be restored.

Session expired

The server has moved on; the page needs a fresh start.